 Dungeon Crawl Stone Soup version 0.17.0 (webtiles) character file.

100 Eucla the Twirler (level 4, -1/40 HPs)
             Began as a Minotaur Gladiator on Nov 9, 2015.
             Slain by Sigmund
             ... wielding a +0 scythe
              (6 damage)
             ... on level 2 of the Dungeon on Nov 10, 2015.
             The game lasted 00:04:21 (1615 turns).

Eucla the Twirler (Minotaur Gladiator)              Turns: 1615, Time: 00:04:21

Health: -1/40      AC:  0    Str: 19    XL:     4   Next: 46%
Magic:  3/3        EV: 21    Int:  5    God:
Gold:   101        SH:  0    Dex: 17    Spells: 0 memorised, 3 levels left

rFire  . . .     SeeInvis .     (weapon currently unavailable)
rCold  . . .     Clarity  .     (armour currently unavailable)
rNeg   . . .     SustAt   .     (shield currently unavailable)
rPois  .         Gourm    .     (helmet currently unavailable)
rElec  .         Spirit   .     (cloak currently unavailable)
rCorr  .         Warding  .     (gloves currently unavailable)
rMut   .         Stasis   .     (boots currently unavailable)
MR     .....                    (no amulet)
Stlth  +++.......               (ring currently unavailable)
                                (ring currently unavailable)

@: agile, pig-form, very slightly contaminated, very quick, not resistant to
hostile enchantments, fairly stealthy
A: (retaliatory headbutt), (horns 0)
a: no special abilities


You were on level 2 of the Dungeon.
You were not hungry.
You were a filthy swine.
You visited 1 branch of the dungeon, and saw 2 of its levels.

You collected 101 gold pieces.

Inventory:

Hand Weapons
 a - a +0 quarterstaff (melded)
Missiles
 d - 3 throwing nets (quivered)
Armour
 b - a +0 leather armour
 c - a +0 hat (melded)
 k - a cursed +0 leather armour (melded)
Jewellery
 m - an uncursed amulet of regeneration {unknown}
Scrolls
 i - 2 scrolls of amnesia {unknown}
 l - a scroll of identify {unknown}
 n - a scroll of magic mapping {unknown}
 p - a scroll of teleportation {unknown}
 q - a scroll of fear {unknown}
Comestibles
 e - a bread ration
 f - a slice of pizza
 g - 2 royal jellies
 h - 3 meat rations
 o - a beef jerky
 s - a chunk of flesh


   Skills:
 + Level 3.7 Fighting
 * Level 5.0 Staves
 - Level 2.0 Throwing
 + Level 1.4 Armour
 + Level 3.7 Dodging


You had 3 spell levels left.
You didn't know any spells.

Dungeon Overview and Level Annotations

Branches:
Dungeon (2/15)

Altars:

Annotations:
D:2 Sigmund


Innate Abilities, Weirdness & Mutations

((You reflexively headbutt those who attack you in melee.))
((You have a pair of horns on your head.))


Message History

Unknown command.
You miss something.
You hear some strange, mumbled words.
A puff of flame appears from out of thin air!
The puff of flame hits you!
You hit something. Something misses you.
You barely miss something. Something hits you!
You closely miss something.
Unknown command.
You hit something. Something barely misses you.
You hit something but do no damage. Something hits you!
* * * LOW HITPOINT WARNING * * *
Unknown command.
You closely miss something. You hit something but do no damage.
Something misses you.
Unknown command.
Drink which item? (? for menu, Esc to quit)
You feel more agile all of a sudden. Something hits you.
You die...

.... .. #..## ...
#... ... #..# #'#
#..# #.# #########..#
#g# #..........####.#
#####.######.........
#...h{...........##'#
#####.#####...##.#...
#.# #.......... #.#
#...##.#... #.#
#...##.#... #.#
#.........# ..#
#.#.##.#### ###
#.#.... #.##


There were no monsters in sight!

Vanquished Creatures
  Natasha (twice) (D:2)
  2 adders (D:2)
  An ooze (D:2)
  2 worms (D:2)
  A giant gecko (D:2)
  8 bats
  6 hobgoblins
  A quokka (D:2)
  6 goblins
  4 kobolds (D:1)
  6 rats (D:1)
39 creatures vanquished.

Notes
Turn   | Place    | Note
--------------------------------------------------------------
     0 | D:1      | Eucla the Minotaur Gladiator began the quest for the Orb.
     0 | D:1      | Reached XP level 1. HP: 18/18 MP: 0/0
   648 | D:1      | Reached XP level 2. HP: 25/25 MP: 1/1
   693 | D:1      | Reached skill level 4 in Staves
  1043 | D:2      | Reached skill level 1 in Armour
  1043 | D:2      | Reached XP level 3. HP: 29/31 MP: 2/2
  1139 | D:2      | Noticed Natasha
  1145 | D:2      | Killed Natasha
  1145 | D:2      | Reached XP level 4. HP: 28/38 MP: 3/3
  1537 | D:2      | Noticed Sigmund
  1550 | D:2      | Noticed Natasha
  1578 | D:2      | Killed Natasha
  1578 | D:2      | Reached skill level 5 in Staves
  1615 | D:2      | Slain by Sigmund

Action                   |  1- 3 |  4- 6 || total
-------------------------+-------+-------++-------
Melee: Quarterstaff      |    56 |    15 ||    71
       Unarmed           |       |    13 ||    13
  Use: Potion            |       |     3 ||     3
  Eat: Chunk             |     1 |     1 ||     2
